 Dungeon Crawl Stone Soup version 0.31-a0-1539-g569d6c7dce (webtiles) character file.

Game seed: 12829321649717982353

104680 graki42 the Thaumaturge (level 16, -1/127 HPs)
             Began as a Gnoll Conjurer on Jan 1, 2024.
             Was a High Priest of Sif Muna.
             Killed from afar by a salamander tyrant (18 damage)
             ... with a flame surge
             ... on level 2 of the Snake Pit.
             The game lasted 02:56:54 (32714 turns).

graki42 the Thaumaturge (Gnoll Conjurer)           Turns: 32714, Time: 02:56:54

Health: -1/127     AC: 13    Str: 10    XL:     16   Next: 39%
Magic:  23/32      EV: 17    Int: 22    God:    Sif Muna [*****.]
Gold:   3605       SH:  9    Dex: 11    Spells: 13/39 levels left

rFire   + . .        a - staff of conjuration
rCold   + . .        b - +1 buckler {reflect}
rNeg    . . .        T - +1 leather armour {rC+}
rPois   .            e - +1 hat {Will+}
rElec   .            c - +0 cloak
rCorr   .            f - +0 pair of gloves
SInv    .            H - +0 pair of boots of Makhleb, Brewing {Regen+}
Will    ++...        y - amulet of magic regeneration
Stlth   +++++        I - ring of protection from fire
HPRegen 1.21/turn    U - ring of the Octopus King {Wiz HP+2 AC+2 EV+2 SH+2}
MPRegen 0.63/turn

%: reflection, wizardry (x1)
@: lethally poisoned (-1 -> -1), weakened
A: fangs 1, strong nose, distributed training
a: Renounce Religion, Channel Magic, Forget Spell, Divine Exegesis


You were on level 2 of the Snake Pit.
You worshipped Sif Muna.
Sif Muna was extremely pleased with you.
You visited 5 branches of the dungeon, and saw 21 of its levels.
You also visited: Bailey and Ice Cave.

You collected 3605 gold pieces.

Inventory:

Hand Weapons
 p - the +4 whip "Ysmi" {flame, rN+ Str+4 Int+5}
   (You found it on level 4 of the Lair of Beasts)

   Str+4:     It affects your strength (+4).
   Int+5:     It affects your intelligence (+5).
   rN+:       It protects you from negative energy.
Missiles
 m - 6 throwing nets
Armour
 b - a +1 buckler of reflection (worn)
 c - a +0 cloak (worn)
 d - a +2 robe of willpower
 e - a +1 hat of willpower (worn)
 f - a +0 pair of gloves (worn)
 n - a +0 buckler of cold resistance
 H - the +0 pair of boots of Makhleb, Brewing (worn) {Regen+}
   (You found it on level 6 of the Dungeon)

   Regen+:    It increases your rate of health regeneration.
 T - a +1 leather armour of cold resistance (worn)
 V - a +2 robe of fire resistance
Magical Staves
 a - a staff of conjuration (weapon)
 E - a staff of fire
Jewellery
 k - a ring of resist corrosion
 o - a ring of ice
 q - a ring of ice
 r - a ring of ice
 t - a ring of ice
 v - a ring of positive energy
 y - an amulet of magic regeneration (around neck)
 z - the ring "Liemiall" {Ice rPois rN+++ rCorr Int-5}
   (You found it in an ice cave)

   [ring of ice]

   Ice:       It enhances your ice magic.
   Int-5:     It affects your intelligence (-5).
   rF-:       It makes you vulnerable to fire.
   rC+:       It protects you from cold.
   rPois:     It protects you from poison rN+++: It renders you almost immune to
   negative energy.
   rCorr:     It protects you from acid and corrosion.
 I - a ring of protection from fire (left hand)
 N - the ring "Omonoum" {rN+ SInv}
   (You found it on level 2 of the Snake Pit)

   [ring of positive energy]

   rN+:       It protects you from negative energy.
   SInv:      It lets you see invisible.
 U - a ring of the Octopus King (right hand) {Wiz HP+2 AC+2 EV+2 SH+2}
   (You found it on level 5 of the Lair of Beasts)

   [ring of wizardry]

   Wiz:       It improves your spell success rate.
   AC+2:      It affects your AC (+2).
   EV+2:      It affects your evasion (+2).
   HP+2:      It affects your health (+2).
   SH+2:      It affects your SH (+2).
Wands
 F - a wand of roots (32)
 G - a wand of acid (2)
 L - a wand of paralysis (7)
 P - a wand of mindburst (15)
 R - a wand of polymorph (10)
 W - a wand of digging (6)
Scrolls
 i - 11 scrolls of teleportation
 l - 2 scrolls of revelation
 s - 4 scrolls of immolation
 w - 2 scrolls of fear
 x - a scroll of blinking
 D - a scroll of summoning
 O - 3 scrolls of fog
Potions
 g - 10 potions of curing
 h - a potion of ambrosia {unknown}
 j - 3 potions of cancellation
 u - a potion of attraction {unknown}
 A - a potion of invisibility {unknown}
 B - 2 potions of heal wounds
 C - a potion of might
 J - 4 potions of mutation {unknown}
 K - 2 potions of haste {unknown}
 M - 3 potions of berserk rage {unknown}
 Q - a potion of experience {unknown}


   Skills:
 + Level 11.2 Fighting
 + Level 11.2 Short Blades
 + Level 11.2 Long Blades
 + Level 11.2 Axes
 + Level 11.2 Maces & Flails
 + Level 11.2 Polearms
 + Level 11.2 Staves
 + Level 11.2 Ranged Weapons
 + Level 11.2 Throwing
 + Level 11.2 Armour
 + Level 12.1 Dodging
 + Level 12.0 Stealth
 + Level 11.2 Shields
 + Level 11.2 Unarmed Combat
 + Level 12.2 Spellcasting
 + Level 11.8 Conjurations
 + Level 9.5 Hexes
 + Level 9.5 Summonings
 + Level 9.5 Necromancy
 + Level 9.5 Translocations
 + Level 9.5 Fire Magic
 + Level 9.5 Ice Magic
 + Level 9.5 Air Magic
 + Level 9.5 Earth Magic
 + Level 9.5 Alchemy
 + Level 12.2 Invocations
 + Level 11.2 Evocations
 + Level 10.3 Shapeshifting


You had 13 spell levels left.
You knew the following spells:

 Your Spells              Type           Power      Damage    Failure   Level
a - Magic Dart            Conj           100%       1d8       1%          1
b - Searing Ray           Conj           100%       2d8       1%          2
c - Fulminant Prism       Conj/Alch      37%        3d18      1%          4
d - Iskenderun's Mystic   Conj/Tloc      74%        2d15      1%          4
e - Fireball              Conj/Fire      37%        3d15      1%          5
f - Freezing Cloud        Conj/Ice/Air   36%        6-21      1%          5
g - Iskenderun's Battles  Conj           78%        2d13      1%          5

Your spell library contained the following spells:

 Spells                   Type           Power      Damage    Failure   Level
 Apportation              Tloc           100%       N/A       1%          1
 Foxfire                  Conj/Fire      100%       2x1d9     1%          1
 Sandblast                Erth           100%       2d20      1%          1
 Shock                    Conj/Air       100%       1d9       1%          1
 Sting                    Conj/Alch      100%       1d9       1%          1
 Cigotuvi's Dreadful Rot  Necr/Alch/Air  100%       N/A       1%          2
 Jinxbite                 Hex            100%       N/A       1%          2
 Lesser Beckoning         Tloc           100%       N/A       1%          2
 Mercury Vapours          Alch/Air       100%       N/A       1%          2
 Static Discharge         Conj/Air       100%       3-8/arc   1%          2
 Sublimation of Blood     Necr           53%        N/A       1%          2
 Gell's Gravitas          Tloc           53%        N/A       1%          3
 Hailstorm                Conj/Ice       74%        3d13      1%          3
 Inner Flame              Hex/Fire       53%        N/A       1%          3
 Mephitic Cloud           Conj/Alch/Air  73%        N/A       1%          3
 Passwall                 Erth           53%        N/A       1%          3
 Stone Arrow              Conj/Erth      100%       3d13      1%          3
 Summon Ice Beast         Ice/Summ       53%        N/A       1%          3
 Teleport Other           Tloc           53%        N/A       1%          3
 Tukima's Dance           Hex            53%        N/A       1%          3
 Volatile Blastmotes      Fire/Tloc      100%       2d18      1%          3
 Airstrike                Air            26%        2d(4-20)  1%          4
 Brom's Barrelling Bould  Conj/Erth      74%        2d9       1%          4
 Cause Fear               Hex            26%        N/A       1%          4
 Dimensional Bullseye     Hex/Tloc       26%        N/A       1%          4
 Dispel Undead            Necr           53%        3d19      1%          4
 Flame Wave               Conj/Fire      74%        2d16      1%          4
 Martyr's Knell           Necr/Summ      53%        N/A       1%          4
 Petrify                  Alch/Erth      53%        N/A       1%          4
 Sticky Flame             Fire/Alch      53%        2d9       1%          4
 Summon Lightning Spire   Summ/Air       53%        N/A       1%          4
 Alistair's Intoxication  Alch           35%        N/A       1%          5
 Irradiate                Conj/Alch      37%        3d24      1%          5
 Yara's Violent Unravell  Hex/Alch       26%        3d11      1%          5
 Bombard                  Conj/Erth      37%        9d6       6%          6
 Starburst                Conj/Fire      37%        6d11      6%          6
 Death Channel            Necr           26%        N/A       10%         6
 Plasma Beam              Fire/Air       26%        2x1d39    10%         6
 Sculpt Simulacrum        Ice/Alch       26%        N/A       10%         6
 Enfeeble                 Hex            26%        N/A       45%         7
 Haunt                    Necr/Summ      26%        N/A       45%         7
 Borgnjor's Revivificati  Necr           26%        N/A       98%         8
 Disjunction              Tloc           26%        N/A       98%         8
 Death's Door             Necr           26%        N/A       100%        9
 Dragon's Call            Summ           26%        N/A       100%        9


Dungeon Overview and Level Annotations

Branches:
Dungeon (11/15)            Temple (1/1) D:6            Lair (5/5) D:11
 Shoals (0/4) Lair:3        Snake (2/4) Lair:3        Slime (0/5) Lair:5
    Orc (2/2) D:11            Elf (0/3) Orc:2        Bailey (visited)
  IceCv (visited)

Altars:
Ashenzari
Cheibriados
Dithmenos
Elyvilon
Fedhas
Gozag
Hepliaklqana
Kikubaaqudgha
Makhleb
Nemelex Xobeh
Okawaru
Qazlal
Ru
Sif Muna
Trog
Uskayaw
Vehumet
Wu Jian
Xom
Yredelemnul
Zin
The Shining One
Jiyva
Lugonu

Shops:
D:1 *!((   D:2 (*[!   D:8 :   Orc:2 (?([

Portals:
Abyss: Lair:5


Innate Abilities, Weirdness & Mutations

You have very sharp teeth.
Your uncanny sense of smell can sniff out nearby items.
Your experience applies equally to all skills.


Message History

You easily resist.
You feel better.
You are poisoned.
The naga ritualist's toxic aura wanes.
Casting: Iskenderun's Mystic Blast (safe; 1% risk of failure)
Confirm with . or Enter, or press ? or * to list all spells.
You feel a surge of power!
You erupt in a blast of force!
The mystic blast hits the salamander tyrant!
The salamander tyrant is lightly wounded.
The salamander tyrant is knocked back by the mystic blast.
The salamander tyrant slams into the stone wall!
The salamander tyrant is moderately wounded.
You feel sick.
The salamander tyrant rends the earth beneath you!
The blast of magma engulfs you!! You partially resist.
* * * LOW HITPOINT WARNING * * *
Unknown command.
Casting: Iskenderun's Mystic Blast (safe; 1% risk of failure)
Confirm with . or Enter, or press ? or * to list all spells.
Okay, then.
Casting: Iskenderun's Mystic Blast (safe; 1% risk of failure)
Confirm with . or Enter, or press ? or * to list all spells.
Aiming: Freezing Cloud (mildly dangerous; 1% risk of failure)
Press: ? - help, Dir - move target You feel a surge of power!
You feel sick.
The salamander tyrant is engulfed in freezing vapours.
The salamander tyrant rends the earth beneath you!
You hear a sizzling sound! x2
The blast of magma engulfs you!! You partially resist.
* * * LOW HITPOINT WARNING * * *
Unknown command.
You feel much better.
You feel sick.
The naga ritualist is engulfed in freezing vapours.
The salamander tyrant calls gouts of flame from the lava!
The flame surge hits you!! You resist.
* * * LOW HITPOINT WARNING * * *
The salamander tyrant is engulfed in freezing vapours.
The salamander tyrant calls gouts of flame from the lava!
The flame surge hits you!! You resist.
You die...

####.#...#[:⌠#8≈.#N....8.8..♣#...
#....©#=:_#©..NN.... ...:⌠#©..
###...#::⌠#8N.#..N.. .8.N♣#..#
#.###'####N## ..# ###.N#..#
#.#8...8#.§N#### ....#NN#..#
#.#.......§§§..###....N8#... ###
##.#⌠..##.##N##......##.N#)..
..###..#.......≈≈≈...... #.$/#...
.......#8..#.#.#@#.#.# ..$$ #.##
.......#######################.#
#####..........................#
###.######..################ ###
#..## #..# # ##.### #############
######### #...####...)........
.).))...## ##.....†))).).......


You could see 2 salamander tyrants, a salamander mystic and a naga ritualist.

Vanquished Creatures
  Rupert (Orc:2)
  Asterion (Snake:2)
  Gastronok (Lair:2)
  2 nagarajas (Snake:2)
  3 reapers (IceCv)
  Fannar (Lair:2)
  3 salamander tyrants (Snake:2)
  Erolcha (D:10)
  A caustic shrike simulacrum (IceCv)
  6 hydras
  A boulder beetle (Lair:4)
  4 anacondas
  3 two-headed ogres
  7 naga warriors
  5 orc high priests (Orc:2)
  3 thrashing horrors (Lair:5)
  2 naga sharpshooters (Snake:2)
  A skyshark (Lair:4)
  Amaemon (Lair:2)
  2 salamander mystics (Snake:2)
  An orange crystal statue (IceCv)
  An obsidian statue (IceCv)
  4 spriggan simulacra (IceCv)
  2 naga ritualists (Snake:2)
  A bog body (IceCv)
  5 orc knights (Orc:2)
  3 cyclopes (D:11)
  4 ugly things (Lair:5)
  9 salamanders
  2 mana vipers (Snake:2)
  An oklob plant (Orc:1)
  4 elephants (Lair:5)
  A torpor snail (Lair:3)
  2 smoke demons (Lair:5)
  24 black mambas
  A gargoyle (D:10)
  A merfolk siren (Lair:3)
  11 naga magi
  An unseen horror (D:10)
  10 cane toads
  An anaconda simulacrum (IceCv)
  4 freezing wraiths (IceCv)
  2 large abominations (Lair:5)
  An orange demon (Lair:2)
  6 komodo dragons
  2 rime drakes (Lair:5)
  2 ice devils (IceCv)
  6 polar bears
  A merfolk (Lair:3)
  5 trolls
  3 hornets
  19 blink frogs
  2 raiju (Lair:5)
  7 dream sheep (Lair:5)
  A dire elephant simulacrum (IceCv)
  9 small abominations (Lair:5)
  A jumping spider (shapeshifter) (Lair:5)
  A wraith (D:11)
  6 wyverns
  6 basilisks
  A wyvern (shapeshifter) (Lair:5)
  45 yaks
  3 wargs
  5 vampire mosquitoes
  A chaos spawn (Lair:5)
  23 nagas
  An acid dragon (D:11)
  2 harpy simulacra (IceCv)
  A hydra simulacrum (IceCv)
  2 swamp worms (D:7)
  12 water moccasins
  39 orc warriors
  3 black bears
  2 ice beasts
  A tengu (shapeshifter) (Lair:5)
  9 ogres
  A centaur (D:9)
  2 phantoms
  23 wolves
  9 kobold brigands
  9 bullfrogs
  A gnoll sergeant (D:9)
  4 scorpions
  5 deep troll simulacra (IceCv)
  4 wights (D:9)
  2 lindwurm simulacra (IceCv)
  22 killer bees
  3 howler monkeys (D:10)
  5 electric eels
  2 bombardier beetles
  8 hounds
  30 orc priests
  3 gnoll boudas
  5 iguanas
  Terence (D:2)
  2 sleepcaps (D:6)
  Natasha (thrice) (D:2)
  28 orc wizards
  7 hell rats (Lair:4)
  14 gnolls
  9 adders
  3 white imps (D:7)
  4 ufetubi
  A ribbon worm (D:5)
  102 orcs
  14 ball pythons
  6 bats
  7 endoplasms
  5 giant cockroaches
  6 hobgoblins (D:1)
  3 quokkas
  2 frilled lizards
  13 goblins
  20 kobolds
  8 rats
  A butterfly (Lair:1)
  4 fulminant prisms
773 creatures vanquished.

Vanquished Creatures (collateral kills)
  A naga warrior (Snake:1)
  A naga ritualist (Snake:1)
2 creatures vanquished.

Vanquished Creatures (others)
  A kobold (D:10)
  122 fulminant prisms
123 creatures vanquished.

Grand Total: 898 creatures vanquished

Notes
Turn   | Place    | Note
-------+----------+-------------------------------------------
     0 | D:1      | graki42 the Gnoll Conjurer began the quest for the Orb.
     0 | D:1      | Reached XP level 1. HP: 13/13 MP: 6/6
    54 | D:1      | Found Latuhic's Distillery.
   110 | D:1      | Reached XP level 2. HP: 19/19 MP: 1/7
   113 | D:1      | Learned a level 2 spell: Searing Ray
   358 | D:1      | Found Vaexoang's Assorted Antiques.
   454 | D:1      | Found Beinlipp's Weapon Shoppe.
   564 | D:1      | Found Muetaxa's Weapon Boutique.
   616 | D:1      | Reached skill level 5 in Spellcasting
   616 | D:1      | Reached XP level 3. HP: 25/25 MP: 5/9
   918 | D:2      | Found Cevvas's Armour Boutique.
  1060 | D:2      | Noticed Terence
  1150 | D:2      | Noticed Natasha
  1155 | D:2      | Killed Natasha
  1156 | D:2      | Reached skill level 1 in Fighting
  1156 | D:2      | Reached skill level 1 in Short Blades
  1156 | D:2      | Reached skill level 1 in Long Blades
  1156 | D:2      | Reached skill level 1 in Axes
  1156 | D:2      | Reached skill level 1 in Maces & Flails
  1156 | D:2      | Reached skill level 1 in Polearms
  1156 | D:2      | Reached skill level 1 in Staves
  1156 | D:2      | Reached skill level 1 in Ranged Weapons
  1156 | D:2      | Reached skill level 1 in Throwing
  1156 | D:2      | Reached skill level 1 in Armour
  1156 | D:2      | Reached skill level 1 in Shields
  1156 | D:2      | Reached skill level 1 in Unarmed Combat
  1156 | D:2      | Reached skill level 1 in Invocations
  1156 | D:2      | Reached skill level 1 in Evocations
  1156 | D:2      | Reached skill level 1 in Shapeshifting
  1156 | D:2      | Reached XP level 4. HP: 22/32 MP: 3/11
  1225 | D:2      | Found Pitzu's Distillery.
  1289 | D:2      | Noticed Natasha
  1293 | D:2      | Killed Natasha
  1294 | D:2      | Reached skill level 1 in Hexes
  1294 | D:2      | Reached skill level 1 in Summonings
  1294 | D:2      | Reached skill level 1 in Necromancy
  1294 | D:2      | Reached skill level 1 in Translocations
  1294 | D:2      | Reached skill level 1 in Fire Magic
  1294 | D:2      | Reached skill level 1 in Ice Magic
  1294 | D:2      | Reached skill level 1 in Air Magic
  1294 | D:2      | Reached skill level 1 in Earth Magic
  1294 | D:2      | Reached skill level 1 in Alchemy
  1345 | D:2      | Learned a level 4 spell: Fulminant Prism
  1350 | D:2      | Learned a level 4 spell: Iskenderun's Mystic Blast
  1510 | D:2      | Found Havaeq's Weapon Emporium.
  1748 | D:2      | Found Vatill's Assorted Antiques.
  1760 | D:2      | Killed Terence
  1761 | D:2      | Reached XP level 5. HP: 37/37 MP: 6/12
  1895 | D:2      | Noticed Natasha
  1898 | D:2      | Killed Natasha
  2703 | D:3      | Reached XP level 6. HP: 44/44 MP: 10/13
  2762 | D:3      | Found a white marble altar of Elyvilon.
  3034 | D:4      | Reached skill level 5 in Dodging
  3356 | D:4      | Reached XP level 7. HP: 50/50 MP: 9/15
  3908 | D:5      | Entered Level 5 of the Dungeon
  4205 | D:5      | Reached skill level 5 in Stealth
  4580 | D:5      | Reached XP level 8. HP: 58/58 MP: 8/16
  4801 | D:5      | Found an ancient bone altar of Kikubaaqudgha.
  4802 | D:5      | Found a shadowy altar of Dithmenos.
  4807 | D:5      | Found a stormy altar of Qazlal.
  4808 | D:5      | Found a hide-covered altar of Uskayaw.
  4808 | D:5      | Found a burning altar of Makhleb.
  4808 | D:5      | Found a broken altar of Ashenzari.
  4809 | D:5      | Found an ornate altar of the Wu Jian Council.
  4810 | D:5      | Found a hazy altar of Hepliaklqana.
  4812 | D:5      | Found an opulent altar of Gozag.
  4813 | D:5      | Found a bloodstained altar of Trog.
  5122 | D:5      | Found an iron altar of Okawaru.
  5626 | D:6      | Found a staircase to the Ecumenical Temple.
  5631 | D:6      | Identified the +0 pair of boots of Makhleb, Brewing
                  | {Regen+}
  5641 | Temple   | Entered the Ecumenical Temple
  5658 | Temple   | Became a worshipper of Sif Muna the Loreminder
  5834 | D:6      | Noticed a yak
  5861 | D:6      | Reached XP level 9. HP: 65/65 MP: 15/18
  6613 | D:6      | Reached skill level 5 in Invocations
  6881 | D:6      | Found a faded altar of an unknown god.
  7266 | D:7      | Reached * piety under Sif Muna
  7937 | D:7      | Noticed a hornet
  7946 | D:7      | Paralysed by a hornet for 2 turns
  7949 | D:7      | Killed a hornet
  7950 | D:7      | Reached skill level 5 in Fighting
  7950 | D:7      | Reached skill level 5 in Short Blades
  7950 | D:7      | Reached skill level 5 in Long Blades
  7950 | D:7      | Reached skill level 5 in Axes
  7950 | D:7      | Reached skill level 5 in Maces & Flails
  7950 | D:7      | Reached skill level 5 in Polearms
  7950 | D:7      | Reached skill level 5 in Staves
  7950 | D:7      | Reached skill level 5 in Ranged Weapons
  7950 | D:7      | Reached skill level 5 in Throwing
  7950 | D:7      | Reached skill level 5 in Armour
  7950 | D:7      | Reached skill level 5 in Shields
  7950 | D:7      | Reached skill level 5 in Unarmed Combat
  7950 | D:7      | Reached skill level 5 in Evocations
  7950 | D:7      | Reached XP level 10. HP: 32/74 MP: 1/20
  8430 | D:7      | Identified the +2 dagger "Mocuifan" {pain, rPois Str+5
                  | Dex-2}
  9203 | D:8      | You fall into a shaft and drop 1 floor!
  9341 | D:8      | Reached ** piety under Sif Muna
  9571 | D:8      | Found Foebeal's Book Shop.
 10299 | D:9      | Reached skill level 5 in Shapeshifting
 11294 | D:9      | Identified a scroll of acquirement
 11295 | D:9      | Acquired a book of the Dragon
 11303 | D:9      | Learned a level 5 spell: Fireball
 11351 | D:10     | Entered Level 10 of the Dungeon
 11351 | D:10     | Noticed Erolcha
 11470 | D:10     | Noticed a two-headed ogre
 11527 | D:9      | Killed a two-headed ogre
 11724 | D:10     | Found a flagged portal.
 11737 | Bailey   | Entered a bailey
 11851 | Bailey   | Reached skill level 5 in Hexes
 11851 | Bailey   | Reached skill level 5 in Summonings
 11851 | Bailey   | Reached skill level 5 in Necromancy
 11851 | Bailey   | Reached skill level 5 in Translocations
 11851 | Bailey   | Reached skill level 5 in Fire Magic
 11851 | Bailey   | Reached skill level 5 in Ice Magic
 11851 | Bailey   | Reached skill level 5 in Air Magic
 11851 | Bailey   | Reached skill level 5 in Earth Magic
 11851 | Bailey   | Reached skill level 5 in Alchemy
 12018 | Bailey   | Reached XP level 11. HP: 77/81 MP: 14/22
 12099 | Bailey   | Found a burning altar of Makhleb.
 12360 | D:10     | Killed Erolcha
 13545 | D:11     | Noticed a cyclops
 13663 | D:11     | Killed a cyclops
 13663 | D:11     | Paralysed by a hornet for 1 turns
 14037 | D:11     | Reached *** piety under Sif Muna
 14076 | D:11     | Noticed a two-headed ogre
 14162 | D:11     | Noticed a cyclops
 14175 | D:11     | Killed a cyclops
 14199 | D:11     | Noticed a two-headed ogre
 14617 | D:11     | Killed a two-headed ogre
 14646 | D:11     | Killed a two-headed ogre
 14892 | D:11     | Noticed a cyclops
 14899 | D:11     | Found a staircase to the Orcish Mines.
 15025 | D:11     | Reached XP level 12. HP: 91/91 MP: 17/24
 15690 | D:11     | Found a staircase to the Lair.
 16084 | Lair:1   | Entered Level 1 of the Lair of Beasts
 16838 | Lair:1   | Reached **** piety under Sif Muna
 17901 | Lair:2   | Noticed Gastronok
 17984 | Lair:2   | Noticed Fannar
 18164 | Lair:2   | Noticed Amaemon
 18171 | Lair:2   | Killed Amaemon
 18195 | Lair:2   | Killed Gastronok
 18770 | Lair:2   | Killed Fannar
 19481 | Lair:2   | Found a sparkling altar of Nemelex Xobeh.
 19818 | Lair:2   | Identified the +0 robe "Bacehube" {-Tele *Corrode rElec
                  | Dex+3}
 19852 | Lair:2   | You fall into a shaft and drop 1 floor!
 20043 | Lair:3   | Noticed an eight-headed hydra
 20078 | Lair:3   | Killed an eight-headed hydra
 20405 | Lair:3   | Reached XP level 13. HP: 98/98 MP: 4/26
 20539 | Lair:3   | Found a staircase to the Snake Pit.
 20858 | Lair:3   | Reached skill level 10 in Conjurations
 21440 | Lair:3   | Found a staircase to the Shoals.
 22067 | Lair:3   | Reached skill level 10 in Spellcasting
 23354 | Lair:4   | Identified the +4 whip "Ysmi" {flame, rN+ Str+4 Int+5}
 23362 | Lair:4   | Reached skill level 10 in Dodging
 23480 | Lair:4   | Reached ***** piety under Sif Muna
 23996 | Lair:5   | Entered Level 5 of the Lair of Beasts
 24141 | Lair:5   | Reached skill level 10 in Stealth
 24452 | Lair:5   | Reached XP level 14. HP: 108/108 MP: 7/28
 24453 | Lair:5   | Reached skill level 10 in Invocations
 24789 | Lair:5   | Found a viscous altar of Jiyva.
 24789 | Lair:5   | Found a staircase to the Slime Pits.
 25229 | Lair:5   | Found a corrupted altar of Lugonu.
 25230 | Lair:5   | Found a one-way gate to the infinite horrors of the Abyss.
 25247 | Lair:5   | Identified the amulet of Vaoliv {-Tele rPois rN++ Regen+
                  | Str+4}
 25288 | Lair:5   | Found the ring of the Octopus King
 25324 | Lair:5   | Identified a ring of the Octopus King {Wiz HP+2 AC+2 EV+2
                  | SH+2}
 25556 | Lair:5   | Received a gift from Sif Muna
 26117 | Lair:5   | Learned a level 5 spell: Freezing Cloud
 26394 | Orc:1    | Entered Level 1 of the Orcish Mines
 26899 | Orc:2    | Entered Level 2 of the Orcish Mines
 26997 | Orc:2    | Noticed Rupert
 27006 | Orc:2    | Killed Rupert
 28242 | Orc:2    | Received a gift from Sif Muna
 28249 | Orc:2    | Reached skill level 10 in Fighting
 28249 | Orc:2    | Reached skill level 10 in Short Blades
 28249 | Orc:2    | Reached skill level 10 in Long Blades
 28249 | Orc:2    | Reached skill level 10 in Axes
 28249 | Orc:2    | Reached skill level 10 in Maces & Flails
 28249 | Orc:2    | Reached skill level 10 in Polearms
 28249 | Orc:2    | Reached skill level 10 in Staves
 28249 | Orc:2    | Reached skill level 10 in Ranged Weapons
 28249 | Orc:2    | Reached skill level 10 in Throwing
 28249 | Orc:2    | Reached skill level 10 in Armour
 28249 | Orc:2    | Reached skill level 10 in Shields
 28249 | Orc:2    | Reached skill level 10 in Unarmed Combat
 28249 | Orc:2    | Reached skill level 10 in Evocations
 28249 | Orc:2    | Got Sif Muna's Compilation of Relocated Kinetic Energy {god
                  | gift}
 28538 | Orc:2    | Reached XP level 15. HP: 115/115 MP: 2/30
 28677 | Orc:2    | Found a staircase to the Elven Halls.
 28979 | Orc:2    | Found Jextei's Weapon Boutique.
 29013 | Orc:2    | Found Vafashih's Antique Weapon Shop.
 29013 | Orc:2    | Found Qalelug's Magic Scroll Boutique.
 29014 | Orc:2    | Found Gehast's Armour Boutique.
 29230 | Snake:1  | Entered Level 1 of the Snake Pit
 29245 | Snake:1  | Found a frozen archway.
 29253 | IceCv    | Entered an ice cave
 29760 | IceCv    | Identified the ring "Liemiall" {Ice rPois rN+++ rCorr
                  | Int-5}
 30033 | Snake:1  | Received a gift from Sif Muna
 30034 | Snake:1  | Got Leseedgh's Spellbook of Fulmination {god gift}
 30086 | Snake:1  | Learned a level 5 spell: Iskenderun's Battlesphere
 31158 | Snake:1  | HP: 4/119 [poisoned by a naga (splash of poison)]
 31273 | Snake:2  | Noticed Asterion
 31462 | Snake:2  | Reached skill level 10 in Shapeshifting
 31564 | Snake:2  | Identified the ring "Omonoum" {rN+ SInv}
 31658 | Snake:2  | Noticed a nagaraja
 31670 | Snake:2  | Killed a nagaraja
 31671 | Snake:2  | Reached XP level 16. HP: 124/124 MP: 24/32
 32293 | Snake:2  | Found a transporter.
 32294 | Snake:2  | Found a radiant altar of Vehumet.
 32399 | Snake:2  | Killed Asterion
 32465 | Snake:2  | Noticed a nagaraja
 32470 | Snake:2  | Received a gift from Sif Muna
 32474 | Snake:2  | Killed a nagaraja
 32713 | Snake:2  | HP: 4/127 [salamander tyrant (27)]
 32714 | Snake:2  | Killed from afar by a salamander tyrant

Illustrated notes

Levels and vault maps discovered:
D:1:      kennysheep_arrival_forest, layout_rooms, serial_shops,
          nicolae_shop_scrapyard, shop, nicolae_diamond_shop, shop,
          chequers_hall_statues_corner_a, chequers_serial_rivers_room_b,
          chequers_serial_rivers_micro_b, kennysheep_another_room
D:2:      layout_loops_corners, serial_shops, shop, nicolae_diamond_shop,
          nicolae_shop_gibbet_a_chance, shop_fountains, minmay_pentomino_t2,
          uniq_natasha, uniq_terence
D:3:      layout_rooms, elyvilon_altar_1, minivault_11
D:4:      layout_loops_ring
D:5:      layout_basic, okawaru_altar_gauntlet_db, minitemple,
          minmay_fractal_squares_diagonal_5
D:6:      layout_cave_pods, minmay_temple_entry_ruins, serial_column_ruins,
          column_ruins_temple_circle, column_ruins_corridor_straight,
          column_ruins_corridor_corner, column_ruins_open_small_water,
          column_ruins_grid_1, column_ruins_open_medium, st_stairs_7,
          minmay_bent
D:7:      layout_layer_cave, hangedman_decor_growths, worms_lemuel
D:8:      layout_basic, serial_shops, nicolae_shop_window_shopping,
          lemuel_flame_loot_1
D:9:      layout_loops_cross, kennysheep_generic_room_11
D:10:     layout_cave_pods, enter_bailey_5, uniq_erolcha
D:11:     layout_roguey, grunt_lair_entry_orc_guard_hut, hiddenorc2_lemuel,
          nicolae_concentric_dashed_squares_wild, grunt_decor_one_mirror
Temple:   zaba_magenta_temple
Lair:1:   layout_cave_pods, hangedman_lair_unloving_vines, lemuel_fruit_fields
Lair:2:   layout_gridlike, basic_altar, grunt_forest_small_clearings,
          st_stairs_9, serial_bayou_shore_a, uniq_fannar, uniq_gastronok,
          uniq_amaemon
Lair:3:   layout_loops_ring, elwin_shoals_entry_rooms, dummy_snake_entry,
          infiniplex_staircase_pool, serial_bayou_shore_b, grunt_megastairs_3
Lair:4:   layout_misc_corridors
Lair:5:   hellmonk_lair_end_abyssal_woods, layout_loops_ring, slime_entry_1,
          gammafunk_lair_bear_cave
Snake:1:  nicolae_snake_hallway, layout_gridlike,
          portal_ice_cave_entry_pillars_four
Snake:2:  gammafunk_sealed_library, layout_layer_cave, uniq_asterion
Orc:1:    layout_caves, mines3_lemuel
Orc:2:    st_orc_pillars, layout_diamond_mine, nicolae_orc_crystal_geode,
          uniq_rupert

Skill      XL: |  1  2  3  4  5  6  7  8  9 10 11 12 13 14 15 16 |
---------------+-------------------------------------------------+-----
Spellcasting   | 5 6 7 8 9 10 11 12 | 12.2
Fighting       | 1 2 3 5 6 7 8 9 10 11 | 11.2
Short Blades   | 1 2 3 5 6 7 8 9 10 11 | 11.2
Long Blades    | 1 2 3 5 6 7 8 9 10 11 | 11.2
Axes           | 1 2 3 5 6 7 8 9 10 11 | 11.2
Maces & Flails | 1 2 3 5 6 7 8 9 10 11 | 11.2
Polearms       | 1 2 3 5 6 7 8 9 10 11 | 11.2
Staves         | 1 2 3 5 6 7 8 9 10 11 | 11.2
Ranged Weapons | 1 2 3 5 6 7 8 9 10 11 | 11.2
Throwing       | 1 2 3 5 6 7 8 9 10 11 | 11.2
Armour         | 1 2 3 5 6 7 8 9 10 11 | 11.2
Shields        | 1 2 3 5 6 7 8 9 10 11 | 11.2
Unarmed Combat | 1 2 3 5 6 7 8 9 10 11 | 11.2
Invocations    | 1 2 3 4 5 6 7 8 9 10 11 12 | 12.2
Evocations     | 1 2 3 5 6 7 8 9 10 11 | 11.2
Shapeshifting  | 1 2 3 4 5 6 7 8 9 10 | 10.3
Hexes          | 1 2 3 4 5 6 7 8 9 |  9.5
Summonings     | 1 2 3 4 5 6 7 8 9 |  9.5
Necromancy     | 1 2 3 4 5 6 7 8 9 |  9.5
Translocations | 1 2 3 4 5 6 7 8 9 |  9.5
Fire Magic     | 1 2 3 4 5 6 7 8 9 |  9.5
Ice Magic      | 1 2 3 4 5 6 7 8 9 |  9.5
Air Magic      | 1 2 3 4 5 6 7 8 9 |  9.5
Earth Magic    | 1 2 3 4 5 6 7 8 9 |  9.5
Alchemy        | 1 2 3 4 5 6 7 8 9 |  9.5
Dodging        | 5 6 7 8 9 10 11 12 | 12.1
Stealth        | 5 6 7 8 9 10 11 12 | 12.0
Conjurations   | 8 9 10 11 | 11.8

Action                     |  1- 3 |  4- 6 |  7- 9 | 10-12 | 13-15 | 16-18 || total
---------------------------+-------+-------+-------+-------+-------+-------++-------
  Melee: Dagger            |     2 |     8 |     2 |       |       |       ||    12
         Bite              |     1 |     1 |       |     4 |     1 |       ||     7
         Short sword       |       |       |     5 |    26 |       |       ||    31
         Staff             |       |       |       |    28 |     4 |     3 ||    35
         Unarmed           |       |       |       |    13 |       |       ||    13
   Cast: Magic Dart        |    46 |    37 |   103 |    62 |    85 |     2 ||   335
         Searing Ray       |     2 |    16 |    56 |    60 |     8 |     1 ||   143
         Fulminant Prism   |       |       |    12 |    45 |    59 |    11 ||   127
         Iskenderun's Myst |       |       |    16 |    90 |   147 |    18 ||   271
         Fireball          |       |       |       |    94 |   367 |    37 ||   498
         Freezing Cloud    |       |       |       |       |     7 |     7 ||    14
         Iskenderun's Batt |       |       |       |       |     1 |       ||     1
 Invoke: Channel Magic     |       |       |     1 |     4 |     6 |     1 ||    12
  Evoke: Wand              |       |       |       |    10 |     3 |       ||    13
    Use: Potion            |       |       |     1 |     6 |     4 |     2 ||    13
         Scroll            |       |       |       |    15 |     9 |     1 ||    25
   Stab: Sleeping          |     1 |     6 |     2 |       |       |       ||     9
 Armour: Robe              |     1 |    13 |    53 |   135 |     6 |       ||   208
         Skin              |       |       |       |     4 |       |       ||     4
         Leather armour    |       |       |       |       |   118 |    30 ||   148
  Dodge: Dodged            |       |    15 |    45 |    93 |   101 |    11 ||   265
  Block: Other             |       |       |    19 |     3 |       |       ||    22
         Reflection        |       |       |     4 |     9 |     8 |     2 ||    23
         Buckler           |       |       |       |   113 |    56 |     5 ||   174

Table legend: (Time is in decaauts)
 A = Elapsed time spent in this place.
 B = Non-inter-level travel time spent in this place.
 C = Inter-level travel time spent in this place.
 D = Time resting spent in this place.
 E = Time spent auto-exploring this place.
 F = Levels seen in this place.
 G = Mean time per level.
                   A        B        C        D        E       F      G
               +--------+--------+--------+--------+--------+-----+--------+
         Total |  32829 |  31835 |    994 |   7692 |  18499 |  23 | 1427.3 |
       Dungeon |  16028 |  15601 |    427 |   2933 |  10300 |  11 | 1457.1 |
        Temple |     34 |     34 |      0 |      0 |      0 |   1 |   34.0 |
          Lair |  10289 |   9890 |    399 |   3123 |   5131 |   5 | 2057.8 |
     Snake Pit |   2681 |   2636 |     45 |    739 |   1336 |   2 | 1340.5 |
  Orcish Mines |   2732 |   2611 |    121 |    461 |   1469 |   2 | 1366.0 |
        Bailey |    430 |    430 |      0 |    229 |     77 |   1 |  430.0 |
      Ice Cave |    631 |    631 |      0 |    207 |    186 |   1 |  631.0 |
               +--------+--------+--------+--------+--------+-----+--------+

Top non-repeatable levels by time:
  Lair:3: 3057 daAuts
  Lair:1: 2389 daAuts
    D:10: 2333 daAuts
    D:11: 2149 daAuts
  Lair:5: 2083 daAuts
   Orc:2: 1904 daAuts
     D:6: 1864 daAuts
  Lair:2: 1674 daAuts
     D:7: 1653 daAuts
     D:5: 1576 daAuts
     D:9: 1414 daAuts
     D:2: 1368 daAuts
 Snake:1: 1361 daAuts
 Snake:2: 1319 daAuts
     D:8: 1130 daAuts
